AoeStats
← mmmmmmm

Arena

508350548Analyzed
1v1 RM · 8d ago on Sep 22, 2026· 37m 1s· 2 players
Game mode
Random Map
Map size
Tiny (2 player)
Population
200
Speed
Normal
Resources
Standard
Victory
Conquest
Starting age
Dark Age
Ending age
Imperial Age
RankedLock teamsTeams togetherTeam positionsShared explorationLock speedFull tech treeHidden civsTurbo modeCheats
Victory
Defeat
🇺🇸 Turks · United States
1096
+18
🇦🇷 Bohemians · Argentina
1137
-18
PsyCh0tiC
12:09 Feudal Age
11:23 Loom
16:19 Castle Age
15:03 Double-Bit Axe
15:03 Horse Collar
15:51 Loom
22:23 Imperial Age
21:03 Bow Saw
22:51 Wheelbarrow
23:38 Gold Mining
29:09 Two-Man Saw
28:22 Padded Archer Armor
30:27 Leather Archer Armor
mmmmmmm
5:32 Loom
9:44 Feudal Age
8:01 Loom
15:39 Castle Age
15:35 Double-Bit Axe
15:54 Horse Collar
20:20 Heavy Plow
21:46 Wheelbarrow
21:27 Town Watch
23:07 Bow Saw
23:40 Fletching
29:31 Imperial Age
27:46 Scale Barding Armor
27:53 Forging
27:34 Light Cavalry
Connection lost

Rejoining the realm…

Still unreachable

The connection could not be restored.

Session expired

The server has moved on; the page needs a fresh start.